 Dungeon Crawl Stone Soup version 0.29-a0-565-g7a16c6de65 (webtiles) character file.

Game seed: 12695892586890679325

169 Lekart the Skirmisher (level 5, -10/46 HPs)
             Began as a Draconian Fighter on June 12, 2022.
             Was a Believer of Zin.
             Mangled by an ogre
             ... wielding a +0 giant spiked club
              (19 damage)
             ... on level 4 of the Dungeon.
             The game lasted 00:04:18 (2969 turns).

Lekart the Skirmisher (Draconian Fighter)           Turns: 2969, Time: 00:04:19

Health: -10/46     AC:  6    Str: 18    XL:     5   Next: 25%
Magic:  6/6        EV: 12    Int:  9    God:    Zin [**....]
Gold:   101        SH:  4    Dex: 12    Spells: 4/4 levels left

rFire   + . .      SeeInvis .   a - +2 war axe
rCold   . . .      Faith    .   b - +0 buckler
rNeg    . . .      Spirit   .   (body armour unavailable)
rPois   .          Reflect  .   (helmet restricted)
rElec   .          Harm     .   e - +0 cloak
rCorr   .          Rampage  .   (no gloves)
Will    .....                   (no boots)
Stlth   +.........              (no amulet)
HPRegen 0.15/turn               o - ring of protection from fire
MPRegen 0.10/turn               (no ring)

@: weak-willed, on recite cooldown
A: AC +5, unfitting armour, cold-blooded
a: Renounce Religion, Recite, Vitalisation, Donate Gold


You were on level 4 of the Dungeon.
You worshipped Zin.
Zin was pleased with you.
You visited 1 branch of the dungeon, and saw 4 of its levels.

You collected 112 gold pieces.
You donated 11 gold pieces to Zin.

Inventory:

Hand Weapons
 a - a +2 war axe (weapon)
Armour
 b - a +0 buckler (worn)
 e - a +0 cloak (worn)
Jewellery
 o - a ring of protection from fire (left hand)
Scrolls
 k - a scroll of identify
 n - a scroll of silence
 q - a scroll of fog
 r - 2 scrolls of immolation {unknown}
 s - a scroll of enchant armour {unknown}
 w - a scroll of amnesia {unknown}
Potions
 c - a potion of might
 d - a potion of degeneration {unknown}
 f - 2 potions of lignification {unknown}
 g - 6 potions of curing {unknown}
 h - a potion of haste {unknown}
 i - 2 potions of brilliance {unknown}
 j - 2 potions of heal wounds {unknown}
 l - a potion of mutation {unknown}
 m - a potion of magic {unknown}
 t - a potion of attraction {unknown}
 u - a potion of flight {unknown}
 v - a potion of invisibility {unknown}


   Skills:
 + Level 4.1 Fighting
 + Level 3.8 Axes
 + Level 3.3 Dodging
 + Level 3.3 Shields
 * Level 1.7 Invocations


You had 4 spell levels left.
You didn't know any spells.
Your spell library contained the following spells:

 Spells                   Type           Power      Damage    Failure   Level
 Static Discharge         Conj/Air       0%         N/A       63%         2
 Call Canine Familiar     Summ           0%         N/A       85%         3
 Portal Projectile        Hex/Tloc       0%         N/A       85%         3
 Leda's Liquefaction      Hex/Erth       0%         N/A       99%         4
 Lightning Bolt           Conj/Air       0%         1d11      100%        5
 Maxwell's Capacitive Co  Air            0%         ∞         100%        8


Dungeon Overview and Level Annotations

Branches:
Dungeon (4/15)
 Temple: D:4-7

Altars:
Okawaru
Trog
Yredelemnul
Zin

Annotations:
D:3 3 runed translucent doors, Iidacon's ghost, amateur DsBe; Iidacon's ghost, amateur MeFi


Innate Abilities, Weirdness & Mutations

Your plain brown scales are hard. (AC +5)
You cannot fit into any form of body armour.
You are cold-blooded and may be slowed by cold attacks.


Message History

No target in view!
No target in view!
A nearby plant withers and dies.
Found a scroll of poison.
An ogre comes into view. It is wielding a +0 giant spiked club.
The ogre hits you with a +0 giant spiked club!!
Ouch! That really hurt!
An ogre is nearby!
You are too injured to fight recklessly!
You are too injured to fight recklessly!
You are too injured to fight recklessly!
You aren't carrying any items that you can evoke.
Okay, then.
Activating: Recite (2% risk of failure)
Press: ? - help, Dir - look around, f - activate You clear your throat and prepare to recite. "Damned, damned be the squalid dregs and..." "...all else who abandon cleanliness!
Let them..." "...be castigated by the jurisprudence of Zin!"
The ogre is dazed by your recitation.
You finish reciting Ablutions 8:24.
The ogre is no longer dazed.
The ogre attacks as you move away! The ogre barely misses you.
Okay, then.
The ogre attacks as you move away! You block the ogre's attack.
As you read the scroll labelled URATTACATT, it crumbles to dust.
It is a scroll of identify.
n - a scroll of silence The ogre attacks as you move away!
The ogre misses you. The ogre attacks as you move away!
The ogre hits you with a +0 giant spiked club!
* * * LOW HITPOINT WARNING * * *
As you read the scroll labelled GEFA GEAHOSAI, it crumbles to dust.
Magic quickly surges around you.
It was a scroll of vulnerability.
The ogre attacks as you move away! The ogre barely misses you.
Okay, then.
As you read the scroll labelled DOURYV FAAHY, it crumbles to dust.
The scroll dissolves into smoke.
It was a scroll of fog.
The ogre hits you with a +0 giant spiked club!!
You die...

#...# #.........#### ####.#.##
#.........## #
#####....#..♣♣♣♣♣###..........# #
....'....##♣....♣♣.#..........##
#####.........P.♣♣.#...).....♣.♣#
##..#......♣♣P.♣P♣'#.............
...P........♣♣♣♣♣§...#+#+####♣#♣#
...♣.......)...§§§§....#.##<..#.#
.♣♣♣♣P........§O@§§.........†.)..
.P♣.P...###+#.§§§§§........†)<#.#
P.P.....###♣♣♣♣♣♣###.#......))#.#
.♣..#...##........##..........#.#
♣P♣.#...##.♣♣♣♣♣♣....#.######.#.#
♣♣♣.#....#........#.##.#......#.#
♣♣P.#....##.#...#.#.....#.##.....
.P..#.......#...#.#.....#.#......
........#♣.♣#.....#.###.#....###.


You could see an ogre (weak-willed).

Vanquished Creatures
  Robin (D:4)
  A gnoll (D:4)
  4 adders
  3 worms
  4 dart slugs
  6 orcs
  5 ball pythons
  3 bats (D:3)
  6 endoplasms
  6 giant cockroaches
  18 goblins
  6 hobgoblins
  6 jackals (D:1)
  6 kobolds
  2 quokkas (D:2)
  5 frilled lizards
  3 rats
85 creatures vanquished.

Vanquished Creatures (others)
  5 plants (D:4)
  6 withered plants (D:3)
11 creatures vanquished.

Grand Total: 96 creatures vanquished

Notes
Turn   | Place    | Note
-------+----------+-------------------------------------------
     0 | D:1      | Lekart the Draconian Fighter began the quest for the Orb.
     0 | D:1      | Reached XP level 1. HP: 19/19 MP: 1/1
    52 | D:1      | Reached XP level 2. HP: 14/26 MP: 2/2
   315 | D:1      | Found a faded altar of an unknown god.
   375 | D:1      | Reached XP level 3. HP: 33/33 MP: 3/3
   922 | D:1      | Prayed at the altar of an unknown god.
   922 | D:1      | Became a worshipper of Zin the Law-Giver
   922 | D:1      | Reached * piety under Zin
  1163 | D:2      | Reached ** piety under Zin
  1180 | D:2      | Reached skill level 4 in Fighting
  1494 | D:2      | Reached XP level 4. HP: 40/40 MP: 4/4
  1963 | D:3      | Found a runed translucent gate.
  1963 | D:3      | Found a runed translucent gate.
  1963 | D:3      | Found a runed translucent gate.
  1968 | D:3      | Noticed Iidacon's ghost (amateur MeFi)
  1968 | D:3      | Noticed Iidacon's ghost (amateur DsBe)
  2010 | D:3      | Found a basalt altar of Yredelemnul.
  2323 | D:4      | Noticed Robin
  2332 | D:3      | Reached skill level 1 in Invocations
  2433 | D:4      | Killed Robin
  2576 | D:4      | Reached XP level 5. HP: 46/46 MP: 4/6
  2840 | D:4      | Found a bloodstained altar of Trog.
  2841 | D:4      | Found an iron altar of Okawaru.
  2938 | D:4      | Noticed an ogre
  2969 | D:4      | Mangled by an ogre

Illustrated notes

Levels and vault maps discovered:
D:1:      minmay_arrival_open_corners, layout_loops_ring,
          basic_ecumenical_altar, lemuel_old_faithful
D:2:      layout_loops_ring
D:3:      layout_rooms, yredelemnul_altar_generic, gammafunk_ghost_cemetery,
          amcnicky_mini_pool_small, st_stairs_12
D:4:      layout_basic, grunt_temple_overflow_bloody_war, serial_forest,
          infiniplex_forest_end_1, infiniplex_forest_end_2,
          infiniplex_forest_lined_3, infiniplex_forest_lined_corner,
          infiniplex_forest_clump_double, infiniplex_forest_straight_2,
          infiniplex_forest_clump_curved, infiniplex_forest_clump_tiny,
          infiniplex_forest_clump_C, infiniplex_forest_clump_small, uniq_robin

Skill      XL: |  1  2  3  4 |
---------------+-------------+-----
Dodging        | 3 |  3.3
Fighting       | 4 |  4.1
Axes           | 3 |  3.8
Invocations    | 1 |  1.7
Shields        | |  3.3

Action                   |  1- 3 |  4- 6 || total
-------------------------+-------+-------++-------
Melee: War axe           |    88 |    72 ||   160
       Tailslap          |     9 |     4 ||    13
Invok: Vitalisation      |       |     1 ||     1
       Recite            |       |     1 ||     1
  Use: Scroll            |     6 |     3 ||     9
 Stab: Sleeping          |     1 |     1 ||     2
Armor: Skin              |    21 |    21 ||    42
Dodge: Dodged            |    62 |    57 ||   119
Block: Buckler           |    28 |    14 ||    42

Table legend: (Time is in decaauts)
 A = Elapsed time spent in this place.
 B = Non-inter-level travel time spent in this place.
 C = Inter-level travel time spent in this place.
 D = Time resting spent in this place.
 E = Time spent auto-exploring this place.
 F = Levels seen in this place.
 G = Mean time per level.
                   A        B        C        D        E       F      G
               +--------+--------+--------+--------+--------+-----+--------+
         Total |   3032 |   2942 |     90 |    233 |   2177 |   4 |  758.0 |
       Dungeon |   3032 |   2942 |     90 |    233 |   2177 |   4 |  758.0 |
               +--------+--------+--------+--------+--------+-----+--------+

Top non-repeatable levels by time:
     D:1: 957 daAuts
     D:2: 843 daAuts
     D:3: 678 daAuts
     D:4: 553 daAuts
